Map: Bel'Shir Vestige LE (Void)

Players

BlueDragon - Winner!

  • Race: Protoss Protoss
  • League: Bronze
  • Spawn Location: 5:00

itsnotfunny

  • Race: Protoss Protoss
  • League: Silver
  • Spawn Location: 11:00

VOD

https://youtu.be/BuD61oJZmFQ

Description

Time

  • Played on: March 2, 2017, 9:29 a.m.
  • Length: 5:28
Show
View Real Time Build Order
Export as new Build Order

BlueDragon Protoss - Winner!

Build Orders:  

Get SALT Encoding   

  12  0:03  Probe (Chrono Boost)  
  13  0:14  Probe (Chrono Boost)  
  14  0:23  Pylon  
  14  0:31  Probe (Chrono Boost)  
  15  0:42  Probe (Chrono Boost)  
  16  0:55  Forge  
  16  1:03  Gateway  
  16  1:13  Probe (Chrono Boost)  
  17  1:18  Pylon  
  17  1:41  Photon Cannon  
  17  1:42  Photon Cannon  
  17  1:51  Pylon  
  17  2:13  Photon Cannon  
  17  2:14  Photon Cannon  
  17  2:18  Pylon  
  17  2:40  Photon Cannon  
  17  2:41  Photon Cannon  
  17  2:52  Pylon  
  17  3:13  Photon Cannon  
  17  3:14  Photon Cannon  
  17  3:44  Photon Cannon  
  17  4:09  Pylon  
  17  4:35  Zealot  
  19  4:41  Photon Cannon  
  19  4:47  Photon Cannon  
  19  4:58  Photon Cannon  
Show
View Real Time Build Order
Export as new Build Order

itsnotfunny Protoss 

Build Orders:  

Get SALT Encoding   

  12  0:02  Probe (Chrono Boost)  
  13  0:12  Probe (Chrono Boost)  
  14  0:23  Probe (Chrono Boost)  
  14  0:27  Pylon  
  15  0:45  Probe (Chrono Boost)  
  15  0:47  Gateway  
  16  0:55  Probe (Chrono Boost), Assimilator  
  17  1:06  Probe (Chrono Boost)  
  18  1:16  Probe (Chrono Boost)  
  19  1:20  Assimilator  
  19  1:27  Probe (Chrono Boost)  
  20  1:37  Probe (Chrono Boost)  
  21  1:40  Cybernetics Core  
  21  1:48  Probe (Chrono Boost)  
  22  1:58  Pylon  
  22  1:59  Probe (Chrono Boost)  
  23  2:02  Gateway  
  23  2:17  Probe (Chrono Boost)  
  24  2:29  Forge  
  24  2:37  Pylon  
  24  2:51  Stalker  
  24  3:06  Photon Cannon  
  24  3:07  Photon Cannon  
  24  3:12  Photon Cannon  
  22  3:13  Photon Cannon  
  22  3:17  Stalker  
Tags
 
Add a new tag
Caveats
  • Supply blocks, unpowered buildings, or Contaminate may cause inaccurate times.
  • Supply counts are checked every 10 seconds.